 Dungeon Crawl Stone Soup version 0.31-a0-210-gccc998df9b (webtiles) character file.

Game seed: 7297895340459800598

6635 qw the Cleaver (level 11, -6/68 HPs)
             Began as a Gargoyle Fighter on June 29, 2023.
             Was an Initiate of Okawaru.
             Mangled by a large slime creature (24 damage)
             ... on level 10 of the Dungeon.
             The game lasted 00:04:20 (9218 turns).

qw the Cleaver (Gargoyle Fighter)                   Turns: 9218, Time: 00:04:21

Health: -6/68      AC: 28    Str: 24    XL:     11   Next: 2%
Magic:  11/11      EV:  7    Int:  9    God:    Okawaru [......]
Gold:   904        SH:  5    Dex: 15    Spells: 10/10 levels left

rFire   . . .        h - +2 war axe
rCold   . . .        c - +0 buckler
rNeg    + . .        l - +0 plate armour
rPois   inf          e - +0 helmet
rElec   +            f - +0 cloak
rCorr   .            q - +1 pair of gloves
SInv    .            b - +0 pair of boots
Will    .....        s - amulet of the acrobat Stlth
                     u - +6 ring of dexterity
HPRegen 0.31/turn    t - +4 ring of slaying {mikee}
MPRegen 0.12/turn

%: acrobat
@: no status effects
A: sickness immunity, AC +8, negative energy resistance 1, electricity
resistance, torment resistance 1, petrification resistance
a: Renounce Religion


You were on level 10 of the Dungeon.
You worshipped Okawaru.
Okawaru was noncommittal.
You visited 2 branches of the dungeon, and saw 11 of its levels.
You also visited: Ossuary.

You collected 904 gold pieces.


Innate Abilities, Weirdness & Mutations

You are immune to sickness and miasma.
Your stone body is resilient. (AC +8)
You are immune to poison.
You resist negative energy. (rN+)
You are resistant to electric shocks. (rElec)
You are resistant to unholy torment.
You are immune to petrification.


   Skills:
 + Level 8.1 Fighting
 - Level 11.0 Axes
 - Level 4.2 Throwing
 - Level 8.0 Armour
 - Level 2.0 Dodging
 - Level 5.0 Shields


You had 10 spell levels left.
You didn't know any spells.
Your spell library was empty.

Inventory:

Hand Weapons
 h - a +2 war axe (weapon)
 j - a +0 morningstar
Missiles
 o - 3 boomerangs (quivered)
Armour
 b - a +0 pair of boots (worn)
 c - a +0 buckler (worn)
 e - a +0 helmet (worn)
 f - a +0 cloak (worn)
 l - a +0 plate armour (worn)
 q - a +1 pair of gloves (worn)
 v - a +2 pair of boots
Jewellery
 s - an amulet of the acrobat (around neck)
 t - a +4 ring of slaying (right hand) {mikee}
 u - a +6 ring of dexterity (left hand)
 Y - a ring of resist corrosion
Scrolls
 n - 3 scrolls of identify
 p - 2 scrolls of teleportation
 x - a scroll of vulnerability {unknown}
Potions
 a - 2 potions of magic
 d - a potion of might
 g - a potion of mutation
 i - 3 potions of curing
 k - 2 potions of haste
 m - 7 potions of heal wounds
 r - 3 potions of attraction
 w - 2 potions of enlightenment {unknown}

Dungeon Overview and Level Annotations

Branches:
Dungeon (10/15)            Temple (1/1) D:4            Lair (0/5) D:8
Ossuary (visited)
    Orc: D:9-12

Altars:
Cheibriados
Dithmenos
Elyvilon
Fedhas
Gozag
Hepliaklqana
Makhleb
Nemelex Xobeh
Okawaru
Qazlal
Ru
Sif Muna
Trog
Uskayaw
Vehumet
Wu Jian
Xom
Yredelemnul
Zin
The Shining One

Shops:
D:1 ?   D:9 *

Annotations:
D:4 2 transporters
D:8 1 transporter, qw's ghost, novice NaHu


Message History

Enter note: You throw a boomerang.
The boomerang hits the slime creature.
The slime creature is lightly wounded.
You throw a boomerang. The boomerang hits the slime creature!
The slime creature is lightly wounded.
You throw a boomerang. The boomerang hits the slime creature!
The slime creature is moderately wounded.
You throw a boomerang.
The boomerang hits the slime creature but does no damage.
The slime creature is moderately wounded.
You barely miss the slime creature.
The slime creature is moderately wounded.
The slime creature hits you but does no damage.
Two slime creatures merge to form a large slime creature.
You slice the large slime creature!!
The large slime creature is moderately wounded.
You hit the large slime creature.
The large slime creature is moderately wounded.
You barely miss the large slime creature.
The large slime creature is moderately wounded.
The large slime creature hits you!
You hit the large slime creature.
The large slime creature is moderately wounded.
The large slime creature hits you but does no damage.
You slash the large slime creature!
The large slime creature is heavily wounded.
The large slime creature hits you!
You hit the large slime creature.
The large slime creature is heavily wounded.
The large slime creature hits you!!
You slash the large slime creature!
The large slime creature is severely wounded.
The large slime creature hits you.
You slash the large slime creature!
The large slime creature is severely wounded.
The large slime creature hits you but does no damage.
You slash the large slime creature!
The large slime creature is severely wounded.
The large slime creature hits you!!
You die...

..<..>....#........#..#
..........+########'..#
......................#
.........#####.###....#
..>......# #.##..####
.........# #....##
########## ###.## # #.#
.###### #@# ......###
#J# ..###...##### ..#
#...........# ....
......#####.......
####!............(.
##.#######....... #..#
##.....#. #.##


You could see a large slime creature.

Vanquished Creatures
  A two-headed ogre (D:9)
  Psyche (D:8)
  A hornet (D:9)
  A wraith (D:10)
  Sigmund (D:2)
  A shadow (D:10)
  5 yaks (D:9)
  2 humans (D:10)
  A basilisk (D:9)
  A water moccasin (D:5)
  An ice beast (D:5)
  A black bear (D:7)
  3 orc warriors
  A sky beast (D:8)
  2 ogres
  9 centaurs
  2 kobold brigands (D:10)
  5 bullfrogs
  A gnoll sergeant (D:9)
  5 wights (D:9)
  12 killer bees
  A howler monkey (D:8)
  3 jellies
  5 hounds
  6 orc priests
  2 iguanas
  A sleepcap (D:5)
  10 orc wizards
  Robin (D:2)
  8 mummies (Ossuary)
  7 adders
  5 gnolls (D:9)
  3 worms
  A dart slug (D:1)
  34 orcs
  8 ball pythons
  7 bats
  5 endoplasms
  A giant cockroach (D:1)
  12 goblins
  17 hobgoblins
  6 jackals (D:3)
  19 kobolds
  3 quokkas
  2 frilled lizards
  3 gnoll zombies (Ossuary)
  A hobgoblin zombie (Ossuary)
  2 kobold zombies (Ossuary)
  2 orc zombies (Ossuary)
  6 rats
238 creatures vanquished.

Notes
Turn   | Place    | Note
-------+----------+-------------------------------------------
     0 | D:1      | qw the Gargoyle Fighter began the quest for the Orb.
     0 | D:1      | Reached XP level 1. HP: 14/14 MP: 1/1
     0 | D:1      | 0 ||| qw: Version: 0.3-a-24-g62f9e04
     0 | D:1      | 0 ||| qw: Game counter: 6688
     0 | D:1      | 0 ||| qw: Melee chars always use a shield: true
     0 | D:1      | 0 ||| qw: God list: Okawaru
     0 | D:1      | 0 ||| qw: Allow faded altars: false
     0 | D:1      | 0 ||| qw: Do Orc after clearing Dungeon:15 true
     0 | D:1      | 0 ||| qw: Do second Lair branch before Depths: true
     0 | D:1      | 0 ||| qw: Lair rune preference: random
     0 | D:1      | 0 ||| qw: Goals: Normal, Zot:1-4, Slime:5, God:TSO, Crypt,
                  | Tomb, Abyss, Pan, Hells, Win
     0 | D:1      | 0 ||| PLANNING D:1-11
    68 | D:1      | 68 ||| Stepping ~*~*~tactically~*~*~ (hiding).
    73 | D:1      | Reached skill level 2 in Axes
   202 | D:1      | Reached XP level 2. HP: 19/19 MP: 2/2
   235 | D:1      | Found Ryaxung's Magic Scroll Shoppe.
   244 | D:1      | 244 ||| SHOPLISTING scroll of enchant weapon (90 gold, have
                  | 0).
   244 | D:1      | 244 ||| SHOPLISTING scroll of identify (24 gold, have 0).
   244 | D:1      | 244 ||| SHOPLISTING scroll of teleportation (36 gold, have
                  | 0).
   597 | D:1      | Reached skill level 3 in Axes
   669 | D:1      | Reached XP level 3. HP: 23/23 MP: 3/3
   737 | D:1      | 737 ||| UPGRADING to ring of resist corrosion.
   738 | D:1      | 738 ||| READING 3 scrolls labelled CUGOUMIH LISH.
   739 | D:1      | 739 ||| READING scroll labelled JOPNACK ZAZUFURGH.
   742 | D:1      | 742 ||| READING scroll labelled SIGHET NIRCHE.
   743 | D:1      | 743 ||| DROPPING 2 scrolls of blinking.
   781 | D:2      | 781 ||| Stepping ~*~*~tactically~*~*~ (stealth).
   793 | D:2      | Noticed Robin
   801 | D:2      | HP: 5/23 [goblin/+0 dagger[Robin] (2)]
   806 | D:2      | Killed Robin
   807 | D:2      | Reached XP level 4. HP: 6/28 MP: 4/4
   901 | D:2      | 901 ||| DROPPING +0 club.
  1007 | D:2      | Reached skill level 4 in Axes
  1087 | D:2      | 1087 ||| Stepping ~*~*~tactically~*~*~ (stealth).
  1176 | D:2      | 1176 ||| DROPPING +0 whip.
  1204 | D:2      | Noticed Sigmund
  1205 | D:2      | 1205 ||| Stepping ~*~*~tactically~*~*~ (hiding).
  1216 | D:2      | Killed Sigmund
  1217 | D:2      | Reached skill level 5 in Axes
  1217 | D:2      | Reached XP level 5. HP: 19/32 MP: 5/5
  1446 | D:2      | Reached XP level 6. HP: 37/37 MP: 6/6
  1988 | D:2      | 1988 ||| UPGRADING to +0 helmet.
  1993 | D:2      | 1993 ||| UPGRADING to +0 chain mail.
  2003 | D:2      | 2003 ||| DROPPING +0 scale mail.
  2004 | D:2      | 2004 ||| UPGRADING to +0 plate armour.
  2014 | D:2      | 2014 ||| DROPPING +0 chain mail.
  2015 | D:2      | 2015 ||| READING scroll labelled TYCIFISUMA.
  2016 | D:2      | 2016 ||| READING 2 scrolls labelled SEFULLUE WUNAEGO.
  2017 | D:2      | 2017 ||| READING scroll labelled PEAMEGG AXZUA.
  2018 | D:2      | 2018 ||| DROPPING scroll of revelation.
  2059 | D:3      | 2059 ||| Stepping ~*~*~tactically~*~*~ (stealth).
  2061 | D:3      | 2061 ||| Stepping ~*~*~tactically~*~*~ (stealth).
  2062 | D:3      | 2062 ||| DROPPING +0 mace.
  2114 | D:3      | 2114 ||| Stepping ~*~*~tactically~*~*~ (stealth).
  2118 | D:3      | 2118 ||| Stepping ~*~*~tactically~*~*~ (stealth).
  2145 | D:3      | 2145 ||| FLEEEEING.
  2146 | D:3      | 2146 ||| FLEEEEING.
  2147 | D:3      | 2147 ||| FLEEEEING.
  2148 | D:3      | 2148 ||| FLEEEEING.
  2149 | D:3      | 2149 ||| FLEEEEING.
  2150 | D:3      | 2150 ||| FLEEEEING.
  2151 | D:3      | 2151 ||| FLEEEEING.
  2182 | D:3      | 2182 ||| FLEEEEING.
  2183 | D:3      | 2183 ||| FLEEEEING.
  2184 | D:3      | 2184 ||| FLEEEEING.
  2185 | D:3      | 2185 ||| STAIRDANCE
  2222 | D:2      | 2222 ||| UPGRADING to +0 pair of boots.
  2342 | D:3      | 2342 ||| Stepping ~*~*~tactically~*~*~ (stealth).
  2344 | D:3      | 2344 ||| Stepping ~*~*~tactically~*~*~ (hiding).
  2364 | D:3      | 2364 ||| Stepping ~*~*~tactically~*~*~ (stealth).
  2366 | D:3      | 2366 ||| DRINKING 2 grey potions.
  2584 | D:3      | 2584 ||| Stepping ~*~*~tactically~*~*~ (hiding).
  2601 | D:3      | Reached skill level 1 in Throwing
  2978 | D:3      | 2978 ||| READING 2 scrolls of identify.
  2978 | D:3      | 2978 ||| IDENTIFYING smoky cyan potion
  2999 | D:4      | Found a hide-covered altar of Uskayaw.
  3090 | D:4      | 3090 ||| DROPPING +0 flail.
  3223 | D:4      | Found a transporter.
  3356 | D:4      | Reached skill level 6 in Axes
  3358 | D:4      | Reached XP level 7. HP: 23/43 MP: 7/7
  3650 | D:4      | Found a transporter.
  3746 | D:4      | Found a staircase to the Ecumenical Temple.
  3747 | D:4      | 3747 ||| PLANNING TEMPLE
  3747 | D:4      | 3747 ||| READING scroll labelled DURULETEIT.
  3748 | D:4      | 3748 ||| READING scroll labelled RYBBEH JENA.
  3749 | D:4      | 3749 ||| DRINKING 3 fuming cyan potions.
  3760 | Temple   | Entered the Ecumenical Temple
  3840 | Temple   | 3840 ||| PLANNING D:1-11
  3924 | D:5      | Entered Level 5 of the Dungeon
  4054 | D:5      | 4054 ||| FLEEEEING.
  4055 | D:5      | 4055 ||| FLEEEEING.
  4056 | D:5      | 4056 ||| FLEEEEING.
  4057 | D:5      | 4057 ||| FLEEEEING.
  4058 | D:5      | 4058 ||| FLEEEEING.
  4059 | D:5      | 4059 ||| FLEEEEING.
  4060 | D:5      | 4060 ||| FLEEEEING.
  4061 | D:5      | 4061 ||| FLEEEEING.
  4062 | D:5      | 4062 ||| FLEEEEING.
  4063 | D:5      | 4063 ||| FLEEEEING.
  4064 | D:5      | 4064 ||| STAIRDANCE
  4096 | D:4      | 4096 ||| READING scroll labelled BEBUVV JEAQA.
  4122 | D:5      | 4122 ||| FLEEEEING.
  4123 | D:5      | 4123 ||| FLEEEEING.
  4124 | D:5      | 4124 ||| FLEEEEING.
  4125 | D:5      | 4125 ||| FLEEEEING.
  4130 | D:5      | 4130 ||| FLEEEEING.
  4131 | D:5      | 4131 ||| FLEEEEING.
  4132 | D:5      | 4132 ||| FLEEEEING.
  4133 | D:5      | 4133 ||| FLEEEEING.
  4134 | D:5      | 4134 ||| FLEEEEING.
  4135 | D:5      | 4135 ||| FLEEEEING.
  4136 | D:5      | 4136 ||| FLEEEEING.
  4137 | D:5      | 4137 ||| FLEEEEING.
  4138 | D:5      | 4138 ||| STAIRDANCE
  4219 | D:5      | Identified the +0 robe of Abstinence {Str+3 Int+4 Dex-2
                  | Archmagi}
  4259 | D:5      | 4259 ||| Stepping ~*~*~tactically~*~*~ (stealth).
  4294 | D:5      | Reached skill level 7 in Axes
  4341 | D:5      | Found a sparkling altar of Nemelex Xobeh.
  4342 | D:5      | Found an opulent altar of Gozag.
  4478 | D:5      | 4478 ||| Stepping ~*~*~tactically~*~*~ (hiding).
  4737 | D:5      | Reached XP level 8. HP: 49/49 MP: 8/8
  4842 | D:5      | Reached skill level 1 in Dodging
  4863 | D:5      | Found a burning altar of Makhleb.
  5012 | D:5      | 5012 ||| UPGRADING to +0 pair of gloves.
  5052 | D:6      | 5052 ||| PLANNING OSSUARY
  5058 | D:6      | 5058 ||| STAIRDANCE
  5123 | D:6      | 5123 ||| Stepping ~*~*~tactically~*~*~ (hiding).
  5256 | D:6      | Found a sand-covered staircase.
  5265 | Ossuary  | Entered an ossuary
  5549 | Ossuary  | 5549 ||| READING 3 scrolls of identify.
  5549 | Ossuary  | 5549 ||| IDENTIFYING pink potion
  5550 | Ossuary  | 5550 ||| READING 2 scrolls of identify.
  5550 | Ossuary  | 5550 ||| IDENTIFYING emerald potion
  5551 | Ossuary  | 5551 ||| DROPPING potion of ambrosia.
  5571 | D:6      | 5571 ||| PLANNING D:1-11
  5932 | D:6      | Reached skill level 8 in Axes
  6142 | D:6      | 6142 ||| UPGRADING to +4 ring of slaying {mikee}.
  6143 | D:6      | 6143 ||| DRINKING 3 smoky amethyst potions.
  6144 | D:6      | 6144 ||| READING 2 scrolls of identify.
  6144 | D:6      | 6144 ||| IDENTIFYING fuming green potion
  6203 | D:7      | 6203 ||| Stepping ~*~*~tactically~*~*~ (stealth).
  6205 | D:7      | 6205 ||| Stepping ~*~*~tactically~*~*~ (hiding).
  6216 | D:7      | Reached skill level 6 in Fighting
  6216 | D:7      | 6216 ||| Stepping ~*~*~tactically~*~*~ (hiding).
  6217 | D:7      | 6217 ||| Stepping ~*~*~tactically~*~*~ (hiding).
  6221 | D:7      | 6221 ||| FLEEEEING.
  6232 | D:7      | Reached XP level 9. HP: 30/56 MP: 9/9
  6407 | D:7      | 6407 ||| FLEEEEING.
  6408 | D:7      | 6408 ||| FLEEEEING.
  6513 | D:7      | 6513 ||| READING scroll of enchant weapon.
  6513 | D:7      | 6513 ||| ENCHANTING +1 war axe.
  6623 | D:7      | 6623 ||| Stepping ~*~*~tactically~*~*~ (hiding).
  6626 | D:7      | 6626 ||| Stepping ~*~*~tactically~*~*~ (hiding).
  6627 | D:7      | 6627 ||| Stepping ~*~*~tactically~*~*~ (hiding).
  6826 | D:7      | 6826 ||| Stepping ~*~*~tactically~*~*~ (hiding).
  7006 | D:7      | 7006 ||| UPGRADING to +0 cloak.
  7011 | D:7      | 7011 ||| DRINKING 2 fuming puce potions.
  7012 | D:7      | 7012 ||| READING 2 scrolls of identify.
  7012 | D:7      | 7012 ||| IDENTIFYING lumpy white potion
  7013 | D:7      | 7013 ||| DROPPING potion of berserk rage.
  7122 | D:8      | Noticed Psyche
  7125 | D:8      | 7125 ||| Stepping ~*~*~tactically~*~*~ (hiding).
  7127 | D:8      | 7127 ||| DRINKING potion of cancellation.
  7134 | D:8      | Reached skill level 6 in Armour
  7142 | D:8      | Killed Psyche
  7143 | D:8      | Reached skill level 9 in Axes
  7215 | D:8      | Found a staircase to the Lair.
  7216 | D:8      | Found a transporter.
  7218 | D:8      | Noticed qw's ghost (novice NaHu)
  7228 | D:8      | 7228 ||| Stepping ~*~*~tactically~*~*~ (stealth).
  7784 | D:9      | Reached XP level 10. HP: 60/63 MP: 10/10
  7846 | D:9      | 7846 ||| Stepping ~*~*~tactically~*~*~ (stealth).
  7847 | D:9      | 7847 ||| Stepping ~*~*~tactically~*~*~ (stealth).
  7889 | D:9      | 7889 ||| Stepping ~*~*~tactically~*~*~ (hiding).
  7894 | D:9      | Reached skill level 10 in Axes
  8075 | D:9      | 8075 ||| Stepping ~*~*~tactically~*~*~ (stealth).
  8080 | D:9      | 8080 ||| Stepping ~*~*~tactically~*~*~ (stealth).
  8236 | D:9      | Found Uqyt's Demolitions Depot.
  8415 | D:9      | 8415 ||| Stepping ~*~*~tactically~*~*~ (stealth).
  8416 | D:9      | Noticed a two-headed ogre
  8417 | D:9      | 8417 ||| Stepping ~*~*~tactically~*~*~ (hiding).
  8428 | D:9      | Killed a two-headed ogre
  8527 | D:9      | Found a shimmering blue altar of Sif Muna.
  8533 | D:9      | 8533 ||| UPGRADING to amulet of the acrobat.
  8538 | D:9      | 8538 ||| UPGRADING to +6 ring of dexterity.
  8587 | D:10     | Entered Level 10 of the Dungeon
  8599 | D:10     | 8599 ||| STAIRDANCE
  8695 | D:10     | 8695 ||| STAIRDANCE
  8854 | D:10     | 8854 ||| READING scroll of enchant armour.
  8854 | D:10     | 8854 ||| ENCHANTING +0 pair of gloves.
  8871 | D:10     | 8871 ||| Stepping ~*~*~tactically~*~*~ (hiding).
  9043 | D:10     | Found an iron altar of Okawaru.
  9044 | D:10     | 9044 ||| PLANNING OKAWARU WORSHIP
  9068 | D:10     | Reached XP level 11. HP: 58/68 MP: 11/11
  9101 | D:10     | Became a worshipper of Warmaster Okawaru
  9102 | D:10     | 9102 ||| PLANNING D:1-11
  9142 | D:10     | 9142 ||| Stepping ~*~*~tactically~*~*~ (hiding).
  9143 | D:10     | 9143 ||| Stepping ~*~*~tactically~*~*~ (hiding).
  9144 | D:10     | 9144 ||| Stepping ~*~*~tactically~*~*~ (hiding).
  9153 | D:10     | Reached skill level 11 in Axes
  9156 | D:10     | Found a basalt altar of Yredelemnul.
  9162 | D:10     | Found a glowing silver altar of Zin.
  9218 | D:10     | Mangled by a large slime creature

Levels and vault maps discovered:
D:1:      dpeg_arrival_arbitrary_c, layout_loops_ring, serial_shops, shop,
          kennysheep_nondescript
D:2:      layout_basic, amcnicky_mini_pool_small, minmay_tetromino_i4,
          uniq_robin, uniq_sigmund, uniq_crazy_yiuf_cottage
D:3:      cheibrodos_old_hovel, layout_loops_ring,
          chequers_serial_rivers_small_3, grunt_decor_clamped,
          guppyfry_early_orc_mine
D:4:      gammafunk_cloud_chamber, layout_cave_pods, old_standard_altar,
          minmay_temple_entry_junction, minmay_misc_feat_diagonals,
          minmay_small_thing
D:5:      layout_cave_pools, grunt_temple_overflow_opulence,
          mainiacjoe_overflow_brackets, nicolae_hexahallways,
          hangedman_decor_clover_reticule, minmay_misc_feat_pillars, st_stairs_6
D:6:      layout_basic, enter_ossuary_1
D:7:      layout_loops_ring
D:8:      layout_cave_pools, lair_entry_dummy, gammafunk_ghost_smash,
          dk_noncrumbling_3, uniq_psyche
D:9:      layout_cave_pools, tgw_sif, nicolae_blasting_shop, kennysheep_dice
D:10:     layout_rooms, lemuel_crystal_altar, kiku_gazebo_pond_becter,
          jmf_multi_god_temple, okawaru_humans
Temple:   nicolae_temple_godzebo

Skill      XL: |  1  2  3  4  5  6  7  8  9 10 11 |
---------------+----------------------------------+-----
Axes           | 2 3 5 6 7 8 9 10 11 | 11.0
Fighting       | 4 5 6 7 8 |  8.1
Throwing       | 1 2 4 |  4.2
Armour         | 4 5 7 8 |  8.0
Dodging        | 1 2 |  2.0
Shields        | 4 5 |  5.0

Action                     |  1- 3 |  4- 6 |  7- 9 | 10-12 || total
---------------------------+-------+-------+-------+-------++-------
  Melee: War axe           |    82 |   177 |   237 |   148 ||   644
  Throw: Javelin           |       |    33 |    56 |     7 ||    96
         Boomerang         |       |       |     8 |    18 ||    26
    Use: Scroll            |     3 |     4 |     8 |     1 ||    16
         Potion            |       |     1 |     4 |       ||     5
 Armour: Scale mail        |    46 |    13 |       |       ||    59
         Plate armour      |       |    95 |   209 |   140 ||   444
         Skin              |       |       |    11 |       ||    11
  Dodge: Dodged            |    44 |    53 |    78 |    89 ||   264
  Block: Buckler           |    15 |    33 |    50 |    30 ||   128

Table legend:
 A = Non-vault XP
 B = Vault XP
 C = Vault XP percentage of total XP
 D = Non-vault monster count
 E = Vault monster count
 F = Vault count percentage of total count
                 A         B        C        D         E       F
            +---------+---------+-------+---------+---------+-------
      Total |    7928 |    1551 |  16.4 |     186 |      52 |  21.8
            +---------+---------+-------+---------+---------+-------
        D:1 |      34 |       0 |   0.0 |      17 |       0 |   0.0
        D:2 |      23 |     273 |  92.2 |      15 |      18 |  54.5
        D:3 |     166 |      59 |  26.2 |      31 |       8 |  20.5
        D:4 |     144 |       3 |   2.0 |       9 |       1 |  10.0
        D:5 |     699 |      43 |   5.8 |      19 |       2 |   9.5
        D:6 |     378 |       0 |   0.0 |       8 |       0 |   0.0
        D:7 |     879 |       0 |   0.0 |      17 |       0 |   0.0
        D:8 |     671 |     391 |  36.8 |      10 |       1 |   9.1
        D:9 |    4038 |     154 |   3.7 |      40 |       2 |   4.8
       D:10 |     896 |     471 |  34.5 |      20 |       4 |  16.7
    Ossuary |       0 |     157 | 100.0 |       0 |      16 | 100.0
            +---------+---------+-------+---------+---------+-------
